 Dungeon Crawl Stone Soup version 0.17.2-1-ge4368a0 (webtiles) character file.

209 Goblin1989 the Insei (level 5, -12/41 HPs)
             Began as a Demonspawn Monk on Dec 11, 2016.
             Was an Initiate of Gozag.
             Mangled by an orc
             ... wielding a +2 falchion of electrocution
              (14 damage)
             ... on level 3 of the Dungeon.
             The game lasted 00:06:45 (2179 turns).

Goblin1989 the Insei (Demonspawn Monk)              Turns: 2179, Time: 00:06:46

Health: -12/41     AC: 10    Str: 12    XL:     5   Next: 55%
Magic:  5/5        EV: 10    Int: 11    God:    Gozag
Gold:   489        SH:  0    Dex: 16    Spells: 0 memorised, 4 levels left

rFire  . . .     SeeInvis .       - Unarmed
rCold  . . .     Clarity  .     p - +0 scale mail
rNeg   . . .     SustAt   .     (no shield)
rPois  .         Gourm    .     (no helmet)
rElec  .         Spirit   .     (no cloak)
rCorr  .         Warding  .     (no gloves)
rMut   +         Stasis   .     (no boots)
MR     .....                    j - amulet of resist mutation
Stlth  +.........               (no ring)
                                (no ring)

@: not resistant to hostile enchantments, very unstealthy
A: claws 2, iridescent scales 1
a: Potion Petition, Call Merchant, Bribe Branch, Renounce Religion


You were on level 3 of the Dungeon.
You worshipped Gozag.
Gozag was noncommittal.
You were not hungry.

You visited 1 branch of the dungeon, and saw 3 of its levels.

You collected 489 gold pieces.

Inventory:

Armour
 g - a +0 large shield
 p - a +0 scale mail (worn)
Jewellery
 j - an amulet of resist mutation (around neck)
Wands
 c - a wand of slowing (30)
Scrolls
 a - a scroll of enchant weapon {unknown}
 d - 2 scrolls of random uselessness {unknown}
 e - 4 scrolls of enchant armour {unknown}
 f - 3 scrolls of teleportation {unknown}
 h - a scroll of recharging {unknown}
 i - 3 scrolls of identify {unknown}
 k - 2 scrolls of remove curse {unknown}
 m - 2 scrolls of amnesia {unknown}
 n - 3 scrolls of magic mapping {unknown}
Potions
 l - a potion of mutation {unknown}
 o - a potion of degeneration {unknown}
 q - a potion of agility {unknown}
Comestibles
 b - a bread ration {@e1}


   Skills:
 + Level 3.6 Fighting
 + Level 1.0 Armour
 - Level 2.6 Dodging
 - Level 1.8 Stealth
 * Level 5.8 Unarmed Combat


You had 4 spell levels left.
You didn't know any spells.

Dungeon Overview and Level Annotations

Branches:
Dungeon (3/15)

Altars:
Gozag
Okawaru
Sif Muna


Innate Abilities, Weirdness & Mutations

You have very sharp fingernails.
You are partially covered in iridescent scales (AC +4).


Message History

You are too injured to fight recklessly!
You are too injured to fight recklessly!
You are too injured to fight recklessly!
You are too injured to fight recklessly!
You are too injured to fight recklessly!
You are too injured to fight recklessly!
You are too injured to fight recklessly!
You are too injured to fight recklessly!
You are too injured to fight recklessly!
You are too injured to fight recklessly!
You claw the orc!
You kill the orc!
The orc hits you with a hand axe.
* * * LOW HITPOINT WARNING * * *
The orc barely misses you.
The orc hits you with a falchion of electrocution.
* * * LOW HITPOINT WARNING * * *
You are electrocuted!
You die...
Your body crumbles into a pile of gold.

█...█ █....
████...███......
█................
█..............[.
█................
█................
█................
$
█........$....?..
█.......@o..?....
█.......oo.....b.
█.............(..
█..........█████.
█..........█


████████████ You could see 3 orcs and a bat.

Vanquished Creatures
  2 orc wizards (D:3)
  8 adders
  4 worms
  A giant gecko (D:3)
  7 orcs (D:3)
  9 bats
  2 giant cockroaches
  6 goblins
  10 hobgoblins
  3 jackals (D:3)
  6 kobolds
  2 giant newts (D:1)
  2 quokkas (D:2)
  5 rats
67 creatures vanquished.

Notes
Turn   | Place    | Note
--------------------------------------------------------------
     0 | D:1      | Goblin1989 the Demonspawn Monk began the quest for the Orb.
     0 | D:1      | Reached XP level 1. HP: 18/18 MP: 1/1
   128 | D:1      | Reached skill level 4 in Unarmed Combat
   128 | D:1      | Gained mutation: You have sharp fingernails. [demonic ancestry]
   128 | D:1      | Reached XP level 2. HP: 21/24 MP: 2/2
   686 | D:2      | Found an iron altar of Okawaru.
   686 | D:2      | Found an opulent altar of Gozag.
   687 | D:2      | Found a deep blue altar of Sif Muna.
   769 | D:2      | Gained mutation: You are partially covered in iridescent scales (AC +4). [demonic ancestry]
   769 | D:2      | Reached XP level 3. HP: 16/29 MP: 3/3
   780 | D:2      | Became a worshipper of Gozag Ym Sagoz the Greedy
  1263 | D:2      | Reached skill level 5 in Unarmed Combat
  1474 | D:2      | Reached XP level 4. HP: 32/35 MP: 4/4
  1776 | D:3      | Gained mutation: You have very sharp fingernails. [demonic ancestry]
  1776 | D:3      | Reached XP level 5. HP: 15/41 MP: 5/5
  2152 | D:3      | Reached skill level 1 in Armour
  2179 | D:3      | HP: 2/41 [orc/falchion of electrocution (4)]
  2179 | D:3      | Mangled by an orc

Action                   |  1- 3 |  4- 6 || total
-------------------------+-------+-------++-------
Melee: Unarmed           |   110 |   117 ||   227
Invok: Potion Petition   |       |     1 ||     1
  Use: Potion            |     1 |       ||     1
 Stab: Sleeping          |     3 |       ||     3
  Eat: Pizza             |     1 |       ||     1
       Bread ration      |       |     1 ||     1

Vault maps used:
D:1:      minmay_arrival_three_doors, minmay_misc_feat_roman
D:2:      gammafunk_temple_overflow_claw
D:3:      st_stairs_13
